[Event "ICCopen2017"]
[Site "Internet Chess Club"]
[Date "2017.03.25"]
[Round "5"]
[White "Baltimora"]
[Black "stin"]
[Result "1-0"]
[ICCResult "Black resigns"]
[WhiteElo "2253"]
[BlackElo "1907"]
[Opening "Bogo-Indian defense, Grünfeld variation"]
[ECO "E11"]
[NIC "QI.01"]
[Time "14:51:27"]
[TimeControl "180+0"]

1. d4 Nf6 2. c4 e6 3. Nf3 Bb4+ 4. Nbd2 O-O 5. g3 d5 6. Qc2 Bxd2+ 7. Bxd2
dxc4 8. Qxc4 b6 9. Bg2 Bb7 10. O-O Nbd7 11. Rfd1 Ne4 12. Bf4 Nd6 13. Qc2 Nf6
14. Rac1 Rc8 15. Ne5 Bxg2 16. Kxg2 c5 17. Qa4 Qe7 18. dxc5 bxc5 19. Nc6 Qb7
20. Rxd6 Rfd8 21. Rxd8+ Rxd8 22. Kg1 Rc8 23. Rxc5 Nd5 24. Bc1 Rb8 25. Nxb8
{Black resigns}
1-0

[Event "ICCopen2017"]
[Site "Internet Chess Club"]
[Date "2017.03.25"]
[Round "5"]
[White "Tasmaniandevil"]
[Black "Barbos"]
[Result "1-0"]
[ICCResult "Black resigns"]
[WhiteElo "2023"]
[BlackElo "2444"]
[Opening "Sicilian: Smith-Morra gambit"]
[ECO "B21"]
[NIC "SI.48"]
[Time "14:50:46"]
[TimeControl "180+0"]

1. e4 c5 2. d4 cxd4 3. c3 dxc3 4. Nxc3 d6 5. Nf3 e6 6. Bc4 a6 7. O-O Be7 8.
Qe2 b5 9. Bb3 Nf6 10. Rd1 Nbd7 11. Bf4 Qb6 12. e5 dxe5 13. Nxe5 Nxe5 14.
Bxe5 O-O 15. Rd3 Bb7 16. Rg3 Kh8 17. Bc2 Rac8 18. Rxg7 Kxg7 19. Qg4+ Kh8 20.
Qh4 {Black resigns} 1-0

[Event "ICCopen2017"]
[Site "Internet Chess Club"]
[Date "2017.03.25"]
[Round "5"]
[White "crd"]
[Black "CristianS"]
[Result "0-1"]
[ICCResult "White resigns"]
[WhiteElo "1172"]
[BlackElo "2140"]
[Opening "Queen's Pawn"]
[ECO "A41"]
[NIC "QO.17"]
[Time "14:52:11"]
[TimeControl "180+0"]

1. d4 d6 2. Nc3 c6 3. h3 Nd7 4. Nf3 Qc7 5. Bf4 e5 6. dxe5 dxe5 7. Bh2 Ngf6
8. e3 Be7 9. Bc4 b5 10. Bb3 O-O 11. Ng5 Nc5 12. Bxf7+ Rxf7 13. Nxf7 Kxf7 14.
O-O b4 15. Ne2 Ba6 16. Re1 Rd8 17. Qc1 Bd6 18. c3 Nd3 19. Qc2 Nxe1 20. Rxe1
c5 21. cxb4 cxb4 22. Qxc7+ Bxc7 23. b3 Bxe2 24. Rxe2 Rd1+ {White resigns}
0-1

[Event "ICCopen2017"]
[Site "Internet Chess Club"]
[Date "2017.03.25"]
[Round "5"]
[White "tryany1"]
[Black "Tui"]
[Result "0-1"]
[ICCResult "White resigns"]
[WhiteElo "1516"]
[BlackElo "1831"]
[Opening "Modern defense"]
[ECO "A40"]
[NIC "QO.17"]
[Time "14:51:40"]
[TimeControl "180+0"]

1. d4 g6 2. c4 Bg7 3. Nc3 d6 4. f4 a6 5. Nf3 c5 6. d5 e6 7. dxe6 Bxe6 8. e4
Nc6 9. h3 Nf6 10. Bd3 O-O 11. O-O Rb8 12. a4 Nb4 13. Be2 Re8 14. Kh2 Bd7 15.
Qxd6 Nxe4 16. Nxe4 Rxe4 17. Bd3 Nxd3 18. Qxd3 Qe7 19. a5 Bc6 20. Rb1 Rd8 21.
Qc2 Re2 22. Qb3 Qe4 23. Ra1 Rd3 24. Qc2 Rxc2 {White resigns} 0-1

[Event "ICCopen2017"]
[Site "Internet Chess Club"]
[Date "2017.03.25"]
[Round "5"]
[White "mahh"]
[Black "ComeonJimtal"]
[Result "0-1"]
[ICCResult "White resigns"]
[WhiteElo "1475"]
[BlackElo "1715"]
[Opening "English: Mikenas-Carls variation"]
[ECO "A18"]
[NIC "EO.64"]
[Time "14:51:44"]
[TimeControl "180+0"]

1. c4 Nf6 2. Nc3 e6 3. e4 d6 4. g3 Nbd7 5. Bg2 c6 6. d3 e5 7. h3 h6 8. Nge2
Be7 9. O-O O-O 10. f4 exf4 11. Nxf4 Nh7 12. Kh2 g5 13. Nh5 Ne5 14. Qe2 f5
15. d4 Ng6 16. exf5 Bxf5 17. g4 Bd7 18. Rxf8+ Qxf8 19. d5 Nf4 20. Nxf4 gxf4
21. Bd2 Ng5 22. Rf1 Bf6 23. Ne4 Be5 24. Bc3 f3+ 25. Bxe5 fxe2 26. Rxf8+ Rxf8
27. Bg3 Nxe4 28. Bxe4 Rf1 29. dxc6 bxc6 30. Bd3 e1=Q 31. Bxe1 Rxe1 32. b4
Rd1 33. Bf5 Bxf5 34. gxf5 Kf7 35. b5 c5 36. a4 Kf6 37. a5 Kxf5 38. b6 axb6
39. axb6 Rb1 40. Kg3 Rxb6 41. Kf3 Rb4 42. Ke2 Rxc4 {White resigns} 0-1

[Event "ICCopen2017"]
[Site "Internet Chess Club"]
[Date "2017.03.25"]
[Round "5"]
[White "lagarto300"]
[Black "Marblerevealer"]
[Result "1-0"]
[ICCResult "Black resigns"]
[WhiteElo "1976"]
[BlackElo "1748"]
[Opening "QGD Slav: Breyer variation"]
[ECO "D10"]
[NIC "SL.01"]
[Time "14:51:45"]
[TimeControl "180+0"]

1. d4 c6 2. c4 d5 3. Nd2 Nf6 4. Ngf3 g6 5. g3 Bg7 6. Bg2 Nbd7 7. O-O O-O 8.
b3 Re8 9. Bb2 Qa5 10. a3 dxc4 11. Nxc4 Qh5 12. h3 g5 13. g4 Qg6 14. Nce5
Nxe5 15. Nxe5 Qh6 16. b4 Nd7 17. Qb3 Nxe5 18. dxe5 Be6 19. Qe3 Red8 20. Rfd1
Bd5 21. f3 Qe6 22. Qxg5 h6 23. Qe3 Bc4 24. f4 b6 25. f5 Qc8 26. Rac1 Rxd1+
27. Rxd1 Qe8 28. Qf4 Rd8 29. Rxd8 Qxd8 30. Qxc4 {Black resigns} 1-0

[Event "ICCopen2017"]
[Site "Internet Chess Club"]
[Date "2017.03.25"]
[Round "5"]
[White "thxgg"]
[Black "iliketal"]
[Result "0-1"]
[ICCResult "White resigns"]
[WhiteElo "1839"]
[BlackElo "1638"]
[Opening "Benkö gambit: Zaitsev system"]
[ECO "A57"]
[NIC "BI.44"]
[Time "14:50:34"]
[TimeControl "180+0"]

1. d4 Nf6 2. c4 c5 3. d5 b5 4. cxb5 a6 5. Nc3 e6 6. e4 axb5 7. e5 b4 8. exf6
bxc3 9. dxe6 dxe6 10. Qxd8+ Kxd8 11. bxc3 gxf6 12. Nf3 Bb7 13. Be2 Nc6 14.
O-O Bd6 15. Be3 Ke7 16. Rfd1 Ra3 17. c4 Rha8 18. Rdb1 Bc8 19. Rb2 Nb4 20.
Bd1 Rxa2 21. Raxa2 Rxa2 22. Rxa2 Nxa2 23. Bc2 h5 24. h4 Ba6 25. Nd2 Nb4 26.
Bb1 Bb7 27. f3 f5 28. Nf1 Be5 29. Nd2 Bc3 30. Kf2 Ba6 31. Bxc5+ Kf6 32. Nb3
Bxc4 33. Bd4+ Bxd4+ 34. Nxd4 Ke5 35. Ne2 Bxe2 36. Kxe2 Kd4 37. g3 Nd5 38.
Kf2 Ne3 39. Ba2 Nd1+ 40. Ke2 Nc3+ 41. Kf2 Nxa2 42. Kg2 Ke3 {White resigns}
0-1

[Event "ICCopen2017"]
[Site "Internet Chess Club"]
[Date "2017.03.25"]
[Round "5"]
[White "devotional"]
[Black "egya"]
[Result "1-0"]
[ICCResult "Black resigns"]
[WhiteElo "2068"]
[BlackElo "1790"]
[Opening "Scandinavian defense"]
[ECO "B01"]
[NIC "SD.03"]
[Time "14:50:59"]
[TimeControl "180+0"]

1. e4 d5 2. exd5 Nf6 3. Bb5+ Bd7 4. Bc4 Bg4 5. f3 Bc8 6. Nc3 Nbd7 7. d3 Nb6
8. Bg5 Nfxd5 9. Nge2 h6 10. Bd2 Nxc4 11. dxc4 Nb6 12. b3 Bf5 13. O-O e6 14.
a4 Bc5+ 15. Kh1 a6 16. Ne4 Be7 17. Bc3 O-O 18. Qe1 Nd7 19. Rd1 Qe8 20. Qg3
Bg6 21. Qxc7 Bxe4 22. Rxd7 Bd8 23. Rxd8 Qxd8 24. Qxd8 Rfxd8 25. fxe4 Rac8
26. Nd4 e5 27. Nf5 Re8 28. Nd6 Kf8 29. Nxc8 Rxc8 30. Bxe5 Re8 31. Bd6+ Kg8
32. e5 f6 33. exf6 gxf6 34. h3 Kf7 35. Rf2 Kg6 36. Bf4 f5 37. Kh2 h5 38. h4
Re4 39. g3 Re1 40. Rd2 Re6 41. Rd6 Rxd6 42. Bxd6 Kf6 43. b4 Ke6 44. c5 a5
45. b5 Kd5 46. c4+ Kxc4 47. c6 {Black resigns} 1-0

[Event "ICCopen2017"]
[Site "Internet Chess Club"]
[Date "2017.03.25"]
[Round "5"]
[White "mehrdad1978"]
[Black "TeddyBear"]
[Result "1-0"]
[ICCResult "Black resigns"]
[WhiteElo "1841"]
[BlackElo "1550"]
[Opening "QGD Slav defense: exchange variation"]
[ECO "D10"]
[NIC "SL.01"]
[Time "14:52:17"]
[TimeControl "180+0"]

1. d4 c6 2. c4 d5 3. cxd5 cxd5 4. Bf4 Nc6 5. e3 Bf5 6. Nc3 a6 7. Nf3 e6 8.
Qb3 b5 9. Nxb5 axb5 10. Bxb5 Qa5+ 11. Kf1 Ne7 12. Ne5 Qb6 13. Bxc6+ Qxc6 14.
Nxc6 Nxc6 15. Qb5 {Black resigns} 1-0

[Event "ICCopen2017"]
[Site "Internet Chess Club"]
[Date "2017.03.25"]
[Round "5"]
[White "bennywins"]
[Black "darkprince"]
[Result "1-0"]
[ICCResult "Black checkmated"]
[WhiteElo "1464"]
[BlackElo "1244"]
[Opening "Sicilian defense"]
[ECO "B44"]
[NIC "SI.39"]
[Time "14:50:38"]
[TimeControl "180+0"]

1. e4 c5 2. Nf3 e6 3. d4 cxd4 4. Nxd4 Nc6 5. Be3 d6 6. Nc3 Be7 7. Bd3 Nf6 8.
O-O Bd7 9. h3 O-O 10. a3 a6 11. Qd2 Ne5 12. Be2 Nc6 13. Rad1 Qc7 14. Bf4 e5
15. Nxc6 Bxc6 16. Bg3 Rad8 17. b4 Nxe4 18. Nxe4 Bxe4 19. Bd3 Bc6 20. f4 e4
21. Be2 f5 22. Bc4+ Kh8 23. Bf2 d5 24. Bb3 Rd7 25. Bd4 Rfd8 26. Qf2 Bf8 27.
Bb6 Qc8 28. Bxd8 Rxd8 29. Qd4 Qe6 30. Qe5 Qf7 31. c4 Bd6 32. Qb2 dxc4 33.
Ba2 Bb5 34. Rf2 Be7 35. Rfd2 Rd3 36. Rxd3 exd3 37. Rxd3 Qe6 38. Rd1 h6 39.
Qc2 Bf6 40. Rc1 Qe3+ 41. Qf2 Qxc1+ 42. Kh2 c3 43. Qc5 Qd2 44. Qf8+ Kh7 45.
Bg8+ Kg6 46. Qf7# {Black checkmated} 1-0

[Event "ICCopen2017"]
[Site "Internet Chess Club"]
[Date "2017.03.25"]
[Round "5"]
[White "GreyWarden"]
[Black "Veldigo"]
[Result "1-0"]
[ICCResult "Black resigns"]
[WhiteElo "1984"]
[BlackElo "1661"]
[Opening "Ruy Lopez: old Steinitz defense"]
[ECO "C62"]
[NIC "RL.02"]
[Time "14:52:51"]
[TimeControl "180+0"]

1. e4 e5 2. Nf3 Nc6 3. Bb5 d6 4. O-O Bd7 5. c3 Nf6 6. Re1 Be7 7. d4 exd4 8.
cxd4 O-O 9. Nc3 a6 10. Bf1 Rb8 11. Bg5 Ne8 12. Bf4 Nf6 13. e5 dxe5 14. dxe5
Ne8 15. Qd2 Be6 16. Rad1 Qxd2 17. Rxd2 Rd8 18. Red1 Rxd2 19. Rxd2 g6 20. Ng5
Bxg5 21. Bxg5 Ng7 22. f4 Nf5 23. Ne4 Rc8 24. b3 h5 25. Nc5 Re8 26. Nxb7 Ne3
27. Bxa6 Nd5 28. Bb5 Bd7 29. Nc5 f6 30. Nxd7 fxg5 31. Rxd5 Na7 32. Nf6+
{Black resigns}
1-0

[Event "ICCopen2017"]
[Site "Internet Chess Club"]
[Date "2017.03.25"]
[Round "5"]
[White "Sibelephant"]
[Black "Dinamit"]
[Result "1-0"]
[ICCResult "Black resigns"]
[WhiteElo "3062"]
[BlackElo "2630"]
[Opening "Grünfeld: exchange variation"]
[ECO "D85"]
[NIC "GI.04"]
[Time "14:51:31"]
[TimeControl "180+0"]

1. d4 Nf6 2. c4 g6 3. Nc3 d5 4. cxd5 Nxd5 5. e4 Nxc3 6. bxc3 Bg7 7. Bb5+ c6
8. Ba4 O-O 9. Ne2 Nd7 10. O-O e5 11. Be3 Re8 12. Qc2 b5 13. Bb3 a5 14. a4
Ba6 15. Rfd1 exd4 16. cxd4 b4 17. Nf4 Rc8 18. e5 Nf8 19. Rac1 Ne6 20. Nxe6
fxe6 21. Qe4 Qd7 22. Rc5 Bb7 23. Qg4 Ra8 24. h4 Qf7 25. Rd3 Qf5 26. Qd1 Kh8
27. Bg5 Rf8 28. Rf3 Qe4 29. Bc2 Qxf3 30. gxf3 Rf7 31. Be4 Bf8 32. Bf6+ Kg8
33. Rc1 Rc8 34. Qb3 Bh6 35. Rc5 {Black resigns} 1-0

[Event "ICCopen2017"]
[Site "Internet Chess Club"]
[Date "2017.03.25"]
[Round "5"]
[White "FlyCatcher"]
[Black "cloak1"]
[Result "1-0"]
[ICCResult "Black checkmated"]
[WhiteElo "2377"]
[BlackElo "1878"]
[Opening "Pirc: classical system, 5.Be2"]
[ECO "B06"]
[NIC "PU.03"]
[Time "14:51:19"]
[TimeControl "180+0"]

1. e4 g6 2. Nf3 Bg7 3. d4 d6 4. Nc3 Nf6 5. Be2 O-O 6. O-O c6 7. h3 Nbd7 8.
Bg5 Re8 9. Qd2 e5 10. a4 Qe7 11. Rfe1 exd4 12. Nxd4 Ne5 13. Rad1 Rd8 14. Qf4
Ned7 15. Qh4 Nf8 16. f4 N8d7 17. Bc4 Qf8 18. e5 dxe5 19. fxe5 h6 20. Bxf6
Bxf6 21. exf6 Nb6 22. Bb3 Nd5 23. Bxd5 cxd5 24. Re7 Kh7 25. Rde1 Bd7 26. Kh1
Kg8 27. Nce2 h5 28. Qg5 Bc6 29. Nf4 Re8 30. R1e5 Rxe7 31. Rxe7 Re8 32. Nxg6
fxg6 33. Qxg6+ Kh8 34. Rh7# {Black checkmated} 1-0

[Event "ICCopen2017"]
[Site "Internet Chess Club"]
[Date "2017.03.25"]
[Round "5"]
[White "AnthonyRaelund"]
[Black "LouiseErdrich"]
[Result "1-0"]
[ICCResult "Black forfeits on time"]
[WhiteElo "1438"]
[BlackElo "1119"]
[Opening "English opening"]
[ECO "A20"]
[NIC "EO.24"]
[Time "14:50:53"]
[TimeControl "180+0"]

1. c4 e5 2. g3 d6 3. Bg2 c6 4. Nc3 Nf6 5. d3 Be7 6. e4 O-O 7. Nge2 h6 8. O-O
Nbd7 9. a3 Kh7 10. b4 Ng8 11. b5 Rb8 12. Rb1 Ndf6 13. bxc6 b6 14. Nd5 Nxd5
15. cxd5 Qc7 16. Nc3 a6 17. a4 Nf6 18. Be3 Ng4 19. Bd2 g6 20. h3 Nf6 21. Be3
Bd8 22. Qd2 Ng8 23. Rb2 f5 24. f3 Qf7 25. Rfb1 Bc7 26. Bxb6 Bxb6+ 27. Rxb6
Rxb6 28. Rxb6 Qf6 29. a5 h5 30. Kh2 f4 31. g4 Qh4 32. Kg1
{Black forfeits on time}
1-0

[Event "ICCopen2017"]
[Site "Internet Chess Club"]
[Date "2017.03.25"]
[Round "5"]
[White "HouseMorgan"]
[Black "manitodeplomo"]
[Result "0-1"]
[ICCResult "White forfeits on time"]
[WhiteElo "2002"]
[BlackElo "2487"]
[Opening "King's Indian, 3.Nf3"]
[ECO "E60"]
[NIC "QP.06"]
[Time "14:51:40"]
[TimeControl "180+0"]

1. d4 Nf6 2. Nf3 g6 3. c4 Bg7 4. g3 c5 5. Bg2 Qa5+ 6. Bd2 Qb6 7. Bc3 Ne4 8.
dxc5 Nxc3 9. cxb6 Nxd1 10. bxa7 Nc6 11. O-O Bxb2 12. Rxd1 Bxa1 13. Nbd2 Bg7
14. Nb3 Rxa7 15. Rxd7 Bxd7 16. Ne5 Nxe5 17. Bxb7 Rxb7 {White forfeits on
time} 0-1

[Event "ICCopen2017"]
[Site "Internet Chess Club"]
[Date "2017.03.25"]
[Round "5"]
[White "topotun"]
[Black "Boing777"]
[Result "1-0"]
[ICCResult "Black resigns"]
[WhiteElo "2897"]
[BlackElo "2441"]
[Opening "French: Tarrasch"]
[ECO "C03"]
[NIC "FR.14"]
[Time "14:50:55"]
[TimeControl "180+0"]

1. e4 e6 2. d4 d5 3. Nd2 Be7 4. Bd3 Nf6 5. e5 Nfd7 6. Qg4 Kf8 7. Ne2 c5 8.
c3 Nc6 9. Nf3 h5 10. Qg3 b6 11. h4 a5 12. Bg5 Ba6 13. Bxa6 Rxa6 14. Nf4 Bxg5
15. hxg5 g6 16. Qh3 cxd4 17. cxd4 Nb4 18. Ke2 b5 19. a3 Nc6 20. g4 h4 21.
Rac1 Kg7 22. Ke3 Qb8 23. Nd3 b4 24. a4 b3 25. Qh2 Nb4 26. Nxb4 Qxb4 27. Qf4
h3 28. Rc7 Qe7 29. Qf6+ Nxf6 30. gxf6+ Kf8 31. fxe7+ Kg7 32. Ng5 Re8 33.
Rxh3 Raa8 34. Rh7+ Kg8 35. Rxf7 Rac8 36. Rxc8 Rxc8 37. Rf6 Re8 38. Rxg6+ Kh8
39. Rh6+ Kg7 40. Rxe6 {Black resigns} 1-0

[Event "ICCopen2017"]
[Site "Internet Chess Club"]
[Date "2017.03.25"]
[Round "5"]
[White "hon"]
[Black "nmd"]
[Result "0-1"]
[ICCResult "White forfeits on time"]
[WhiteElo "1261"]
[BlackElo "1533"]
[Opening "Sicilian: Alapin's variation (2.c3)"]
[ECO "B22"]
[NIC "SI.47"]
[Time "14:51:35"]
[TimeControl "180+0"]

1. e4 c5 2. c3 Nf6 3. e5 Nd5 4. d4 cxd4 5. cxd4 d6 6. Nf3 g6 7. Bc4 Nb6 8.
Bb5+ Nc6 9. O-O dxe5 10. dxe5 Qxd1 11. Rxd1 Bg7 12. Bf4 O-O 13. Nc3 e6 14.
a3 Na5 15. Rd3 a6 16. b4 axb5 17. bxa5 Rxa5 18. Be3 Nc4 19. Bc5 Re8 20. Bb4
Rxa3 21. Rxa3 Nxa3 22. Bxa3 f6 23. Re3 fxe5 24. Nxe5 Bxe5 25. Rxe5 Bd7 26.
Bd6 Bc6 27. Kf1 b4 28. Nb1 b3 29. Ke2 Bd5 30. Kd3 b5 31. Kc3 Bc4
{White forfeits on time}
0-1

[Event "ICCopen2017"]
[Site "Internet Chess Club"]
[Date "2017.03.25"]
[Round "5"]
[White "Trentosk"]
[Black "nadalthegreat"]
[Result "1-0"]
[ICCResult "Black checkmated"]
[WhiteElo "2550"]
[BlackElo "2005"]
[Opening "Four knights: Ranken variation"]
[ECO "C48"]
[NIC "KP.03"]
[Time "14:54:30"]
[TimeControl "180+0"]

1. e4 e5 2. Nf3 Nc6 3. Nc3 Nf6 4. Bb5 a6 5. Bxc6 dxc6 6. d3 Bg4 7. h3 Bxf3
8. Qxf3 h6 9. O-O Bc5 10. Qg3 Qe7 11. Be3 Bxe3 12. fxe3 O-O-O 13. Qxg7 Nd7
14. Rxf7 Qh4 15. Rxd7 Rdg8 16. Rxc7+ Kb8 17. Rxb7+ Ka8 18. Ra7+ Kb8 19. Qc7#
{Black checkmated}
1-0

[Event "ICCopen2017"]
[Site "Internet Chess Club"]
[Date "2017.03.25"]
[Round "5"]
[White "Heian"]
[Black "HangMySack"]
[Result "1-0"]
[ICCResult "Black checkmated"]
[WhiteElo "1499"]
[BlackElo "1706"]
[Opening "Scandinavian (center counter) defense"]
[ECO "B01"]
[NIC "VO.17"]
[Time "14:51:37"]
[TimeControl "180+0"]

1. e4 d5 2. e5 c5 3. c3 Nc6 4. d4 cxd4 5. cxd4 Qb6 6. Nf3 Bg4 7. Be3 e6 8.
Nbd2 Qxb2 9. Rb1 Qxa2 10. Rxb7 Bb4 11. Bb5 Ne7 12. O-O O-O 13. Bxc6 Nxc6 14.
Qb3 Qxd2 15. Nxd2 Bxd2 16. Bxd2 Nxd4 17. Qd3 Nc6 18. Qg3 Bf5 19. Bh6 Bg6 20.
h4 Rfb8 21. Rxb8+ Rxb8 22. h5 gxh6 23. hxg6 hxg6 24. Rc1 Rb6 25. Qf4 Kg7 26.
Qf6+ Kf8 27. Rxc6 Rxc6 28. Qd8+ Kg7 29. Qf6+ Kf8 30. Qh8+ Ke7 31. Qxh6 Rc1+
32. Kh2 Re1 33. Qg5+ Kd7 34. Qf6 Ke8 35. Qh8+ Ke7 36. Qa8 Ra1 37. Qb7+ Kf8
38. Kg3 Ra3+ 39. Kg4 Kg7 40. Qe7 Ra2 41. Qf6+ Kf8 42. Kg5 a5 43. Kh6 a4 44.
Qd8# {Black checkmated} 1-0

[Event "ICCopen2017"]
[Site "Internet Chess Club"]
[Date "2017.03.25"]
[Round "5"]
[White "mrneale"]
[Black "Persi"]
[Result "0-1"]
[ICCResult "White resigns"]
[WhiteElo "1051"]
[BlackElo "1207"]
[Opening "Torre attack (Tartakower variation)"]
[ECO "D03"]
[NIC "QP.08"]
[Time "14:51:42"]
[TimeControl "180+0"]

1. d4 d5 2. Nf3 Nf6 3. Bg5 e6 4. e3 Be7 5. Bd3 O-O 6. O-O h6 7. Bh4 c5 8. c3
c4 9. Bc2 a6 10. Nbd2 Nc6 11. Re1 Bd7 12. e4 dxe4 13. Nxe4 Nxe4 14. Bxe7
Nxe7 15. Bxe4 Nd5 16. Ne5 f5 17. Nxd7 Qxd7 18. Bc2 b5 19. Qe2 Rac8 20. Qxe6+
Qxe6 21. Rxe6 b4 22. Re5 Nf4 23. Rxf5 Rxf5 24. Bxf5 bxc3 25. Bxc8 c2 26. Rc1
Ne2+ 27. Kf1 Nxc1 28. Be6+ Kf8 29. Bxc4 Nxa2 30. Bxa2 c1=Q+ 31. Ke2 Qxb2+
{White resigns}
0-1

[Event "ICCopen2017"]
[Site "Internet Chess Club"]
[Date "2017.03.25"]
[Round "5"]
[White "Zif"]
[Black "carpedef"]
[Result "0-1"]
[ICCResult "White forfeits on time"]
[WhiteElo "1253"]
[BlackElo "1763"]
[Opening "Sicilian: Kan variation"]
[ECO "B41"]
[NIC "SI.41"]
[Time "14:50:54"]
[TimeControl "180+0"]

1. e4 c5 2. Nf3 e6 3. d4 cxd4 4. Nxd4 a6 5. a4 b6 6. Be2 Bb7 7. Nc3 Qc7 8.
O-O Nf6 9. f3 d5 10. exd5 Nxd5 11. Nxd5 Bxd5 12. Kh1 Be7 13. b3 Nd7 14. c4
Bb7 15. Bb2 Bf6 16. Qc2 O-O 17. Rad1 Rfd8 18. Rfe1 Nc5 19. Bf1 e5 20. Nf5 g6
21. Rxd8+ Rxd8 22. Nh6+ Kg7 23. Ng4 Nd7 24. Nxf6 Kxf6 25. f4 Re8 26. fxe5+
Ke7 27. Qf2 Kf8 28. Bd3 Kg8 29. Be4 Bxe4 30. Rxe4 Qc6 31. Rf4 Qe6 32. Rf3 f6
33. h3 fxe5 34. Re3 e4 {White forfeits on time} 0-1

[Event "ICCopen2017"]
[Site "Internet Chess Club"]
[Date "2017.03.25"]
[Round "5"]
[White "octavia"]
[Black "ErnestoRondon"]
[Result "1-0"]
[ICCResult "Black resigns"]
[WhiteElo "2244"]
[BlackElo "1839"]
[Opening "English: Caro-Kann defensive system"]
[ECO "A11"]
[NIC "EO.64"]
[Time "14:50:49"]
[TimeControl "180+0"]

1. c4 c6 2. Nf3 d5 3. e3 f6 4. d4 e6 5. Nc3 Bd6 6. Bd3 Ne7 7. O-O O-O 8. e4
Nd7 9. Re1 dxe4 10. Nxe4 Qc7 11. c5 Bf4 12. Bxf4 Qxf4 13. Nd6 e5 14. Qb3+
Nd5 15. Rad1 Rb8 16. Re4 Qh6 17. Rh4 Qxh4 18. Nxh4 exd4 19. Bf5 Nxc5 20. Qc2
b6 21. Bxc8 Rd8 22. b4 Nxb4 23. Qc4+ Nd5 24. Ndf5 Rbxc8 25. Ne7+ Kf8 26.
Nxc8 Rxc8 27. Qxd4 Rd8 28. Nf5 Ne6 29. Qg4 g6 30. Ne3 f5 31. Qc4 Rd6 32.
Nxd5 cxd5 33. Rxd5 Rxd5 34. Qxd5 Kf7 35. Qa8 a5 36. Qb7+ Kf6 37. Qxb6 h6 38.
Qxa5 g5 39. Qb6 f4 40. a4 h5 41. a5 g4 42. a6 f3 43. a7 fxg2 44. a8=Q Kf5
45. Qc8 {Black resigns} 1-0

[Event "ICCopen2017"]
[Site "Internet Chess Club"]
[Date "2017.03.25"]
[Round "5"]
[White "DarthVadar"]
[Black "Aladdin"]
[Result "0-1"]
[ICCResult "White resigns"]
[WhiteElo "1819"]
[BlackElo "2325"]
[Opening "Four knights: symmetrical, Maróczy system"]
[ECO "C49"]
[NIC "KP.03"]
[Time "14:51:05"]
[TimeControl "180+0"]

1. e4 e5 2. Nf3 Nc6 3. Nc3 Nf6 4. Bb5 Bb4 5. O-O O-O 6. d3 d6 7. Ne2 Ne7 8.
Ng3 Ng6 9. c3 Ba5 10. h3 Bb6 11. Nh2 c6 12. Bc4 d5 13. Bb3 Nf4 14. Bxf4 exf4
15. Nh5 dxe4 16. Nxf6+ Qxf6 17. dxe4 Rd8 18. Qf3 g5 19. Ng4 Qg7 20. e5 Bf5
21. Nf6+ Kh8 22. Rad1 Bc7 23. Rxd8+ Rxd8 24. Rd1 Qf8 25. Rxd8 Qxd8 26. Qh5
Bxe5 27. Ng4 Bg6 28. Qh6 Bg7 {White resigns} 0-1

[Event "ICCopen2017"]
[Site "Internet Chess Club"]
[Date "2017.03.25"]
[Round "5"]
[White "quixotic"]
[Black "Baerenstarker"]
[Result "0-1"]
[ICCResult "White resigns"]
[WhiteElo "1536"]
[BlackElo "1868"]
[Opening "Nimzo-Indian defense"]
[ECO "E20"]
[NIC "NI.30"]
[Time "14:51:05"]
[TimeControl "180+0"]

1. d4 Nf6 2. c4 e6 3. Nc3 Bb4 4. Bd2 O-O 5. a3 Bxc3 6. Bxc3 b6 7. b3 Bb7 8.
e3 c5 9. Nf3 d6 10. Bd3 Nbd7 11. Qe2 Re8 12. O-O e5 13. dxe5 dxe5 14. e4 Qe7
15. Rad1 Rad8 16. Bc2 Nh5 17. g3 Nhf6 18. Nh4 g6 19. Bd2 Nb8 20. Bg5 Nc6 21.
Qe3 Nd4 22. Bb1 Rd6 23. Ng2 Red8 24. h4 Qe6 25. Bd3 Nxb3 26. Be2 Nd4 27. Bd3
Bc8 28. Bb1 Qe7 29. Qe1 Nf3+ 30. Kh1 Nxe1 31. Rdxe1 Bg4 32. Ne3 Bf3+ 33. Kg1
Qe6 34. Nd5 Nxd5 35. cxd5 Qh3 {White resigns} 0-1

[Event "ICCopen2017"]
[Site "Internet Chess Club"]
[Date "2017.03.25"]
[Round "5"]
[White "motipen"]
[Black "PerlHackr"]
[Result "1-0"]
[ICCResult "Black resigns"]
[WhiteElo "1803"]
[BlackElo "1462"]
[Opening "QGD semi-Slav"]
[ECO "D43"]
[NIC "SL.03"]
[Time "14:51:24"]
[TimeControl "180+0"]

1. d4 d5 2. c4 c6 3. Nf3 Nf6 4. Nc3 e6 5. cxd5 exd5 6. Qc2 Bg4 7. Ne5 Bh5 8.
Bg5 Nbd7 9. Nxd7 Qxd7 10. Bxf6 gxf6 11. e3 Bg6 12. Bd3 Bb4 13. O-O O-O-O 14.
a3 Bxc3 15. Qxc3 Rhg8 16. g3 Qh3 17. Rfc1 Be4 18. Bf1 Qg4 19. Bg2 h5 20.
Bxe4 Qxe4 21. Qc2 Qf3 22. Qd1 Qe4 23. Qxh5 Rg6 24. Qe2 Rh8 25. f3 Qh4 26.
Qg2 Qg5 27. Rc3 Rgh6 28. Rac1 Rxh2 29. Qxh2 Rxh2 30. Kxh2 Qh5+ 31. Kg2 Qg5
32. b4 a6 33. a4 Kd7 34. e4 dxe4 35. fxe4 Qd2+ 36. Kh3 Qxd4 37. Rc4 Qd6 38.
b5 axb5 39. axb5 Ke6 40. bxc6 b6 41. c7 b5 42. c8=Q+ {Black resigns} 1-0

[Event "ICCopen2017"]
[Site "Internet Chess Club"]
[Date "2017.03.25"]
[Round "5"]
[White "marjose"]
[Black "LionKing93"]
[Result "0-1"]
[ICCResult "White resigns"]
[WhiteElo "1769"]
[BlackElo "2127"]
[Opening "Sicilian"]
[ECO "B50"]
[NIC "SI.01"]
[Time "14:50:55"]
[TimeControl "180+0"]

1. e4 c5 2. Nf3 d6 3. c4 Nc6 4. d4 cxd4 5. Nxd4 Nf6 6. Nc3 g6 7. Be2 Bg7 8.
Be3 O-O 9. O-O Bd7 10. h3 Rc8 11. Qd2 a6 12. Rac1 Qa5 13. b3 Rfd8 14. f4 Nb4
15. Bf3 b5 16. cxb5 axb5 17. Nd5 Nfxd5 18. exd5 Ra8 19. Nc6 Bxc6 20. dxc6
Rdc8 21. c7 d5 22. Bxd5 Nxd5 23. Qxd5 e6 24. Qc6 Qxa2 25. Ra1 Bxa1
{White resigns}
0-1

[Event "ICCopen2017"]
[Site "Internet Chess Club"]
[Date "2017.03.25"]
[Round "5"]
[White "Istrebitel"]
[Black "EGK"]
[Result "1-0"]
[ICCResult "Black resigns"]
[WhiteElo "1667"]
[BlackElo "1905"]
[Opening "Van't Kruijs opening"]
[ECO "A00"]
[Time "14:51:44"]
[TimeControl "180+0"]

1. e3 d5 2. f4 d4 3. e4 e5 4. d3 Nc6 5. Nf3 f5 6. fxe5 fxe4 7. dxe4 Bg4 8.
Bb5 Ne7 9. O-O a6 10. Ba4 b5 11. Bb3 Bxf3 12. Qxf3 Nxe5 13. Bf7+ Kd7 14.
Qh3+ Kc6 15. Bf4 Nxf7 16. Qe6+ Nd6 17. e5 Qd7 18. Qxd7+ Kxd7 19. exd6 cxd6
20. Nd2 Ng6 21. Bg3 Re8 22. Nb3 d3 23. cxd3 Ne5 24. Bxe5 Rxe5 25. Rf7+ Re7
26. Raf1 Rxf7 27. Rxf7+ Kc6 28. Na5+ Kb6 29. b4 {Black resigns} 1-0

[Event "ICCopen2017"]
[Site "Internet Chess Club"]
[Date "2017.03.25"]
[Round "5"]
[White "BurninggIce"]
[Black "Atomrod"]
[Result "0-1"]
[ICCResult "White resigns"]
[WhiteElo "1924"]
[BlackElo "2319"]
[Opening "Nimzo-Indian: Kmoch variation"]
[ECO "E24"]
[NIC "NI.30"]
[Time "14:52:22"]
[TimeControl "180+0"]

1. d4 Nf6 2. c4 e6 3. Nc3 Bb4 4. f3 c5 5. a3 Bxc3+ 6. bxc3 d6 7. e3 e5 8.
Bd3 O-O 9. Ne2 Qe7 10. O-O e4 11. Bc2 Bf5 12. Ng3 Bg6 13. f4 h6 14. f5 Bh7
15. Rf4 Re8 16. Nxe4 Nbd7 17. Ng3 Rac8 18. Qf1 Nb6 19. Bd3 d5 20. e4 dxe4
21. Nxe4 Nxe4 22. Rxe4 Qd6 23. Bf4 Qd7 24. Rxe8+ Rxe8 25. d5 Bxf5 26. Bg3
Bxd3 27. Qxd3 Qa4 28. Rf1 Qxc4 29. Qf3 Qxd5 30. Qf2 Nc4 31. a4 b6 32. Bf4
Re4 33. Qg3 Qe6 34. h3 Qg6 35. Qh2 Re2 36. Bg3 Ne3 37. Re1 Rxg2+ {White
resigns} 0-1